 Dungeon Crawl Stone Soup version 0.25-a0-731-g0472a16d6a (webtiles) character file.

Game seed: 10175282169991397751, levelgen mode: deterministic

7485 Lugonue the Stinger (level 11, -3/64 HPs)
             Began as a Tengu Venom Mage on Apr 8, 2020.
             Was a High Priest of Okawaru.
             Killed from afar by a gargoyle (7 damage)
             ... with a stone arrow
             ... on level 10 of the Dungeon.
             The game lasted 00:26:57 (9338 turns).

Lugonue the Stinger (Tengu Venom Mage)              Turns: 9338, Time: 00:26:57

Health: -3/64      AC:  7    Str: 10 (11) XL:     11   Next: 16%
Magic:  19/19      EV: 16    Int: 16      God:    Okawaru [*****.]
Gold:   427        SH:  0    Dex: 19      Spells: 10/23 levels left

rFire    + . .     SeeInvis .   d - +3 scimitar
rCold    + . .     Gourm    .   (no shield)
rNeg     . . .     Faith    .   v - +1 steam dragon scales
rPois    .         Spirit   .   (helmet restricted)
rElec    .         Reflect  .   w - scarf {rC+ rF+}
rCorr    .         Harm     .   (no gloves)
MR       .....                  (boots unavailable)
Stlth    +++.......             f - amulet of rage (curse)
HPRegen  0.20/turn              i - +4 ring of dexterity
MPRegen  0.16/turn              m - ring of wizardry

@: about to teleport
A: antennae 1, beak, talons 3, deterioration 1, low mp 1, able to fly
a: Fly, Heroism, Finesse, Renounce Religion, Evoke Berserk Rage


You were on level 10 of the Dungeon.
You worshipped Okawaru.
Okawaru was extremely pleased with you.
You were not hungry.

You visited 2 branches of the dungeon, and saw 11 of its levels.

You collected 427 gold pieces.

Inventory:

Hand Weapons
 d - a +3 scimitar (weapon)
Missiles
 a - 20 poisoned darts (quivered)
Armour
 v - +1 steam dragon scales (worn)
 w - a scarf of resistance (worn)
Jewellery
 b - an uncursed ring of positive energy
 f - a cursed amulet of rage (around neck)
 i - a +4 ring of dexterity (left hand)
 m - a ring of wizardry (right hand)
 o - an uncursed ring of protection from fire {unknown}
Wands
 h - a wand of flame (40)
 n - a wand of paralysis (10)
 q - a wand of enslavement (10)
 s - a wand of acid (5)
Scrolls
 j - 2 scrolls of magic mapping
 l - a scroll of amnesia
Potions
 g - 4 potions of lignification
 r - a potion of brilliance
Comestibles
 c - 33 rations


   Skills:
 * Level 6.2 Fighting
   Level 4.4(6.2) Short Blades
 * Level 6.8(7.4) Long Blades
 + Level 0.6 Throwing
 + Level 4.8 Armour
 + Level 5.3 Dodging
 + Level 4.0 Stealth
 + Level 0.1 Unarmed Combat
 + Level 6.5 Spellcasting
 + Level 3.4 Transmutations
 + Level 2.1 Fire Magic
 + Level 5.8 Air Magic
 + Level 7.1 Poison Magic
 + Level 0.4 Evocations


You had 10 spell levels left.
You knew the following spells:

 Your Spells              Type           Power        Failure   Level  Hunger
a - Sting                 Tmut/Pois      ###.         1%          1    None
b - Poisonous Vapours     Pois/Air       ####..       1%          2    None
c - Olgreb's Toxic Radia  Pois           ####....     2%          4    ####...
d - Ignite Poison         Fire/Tmut/Pois ###.....     2%          3    ##.....
e - Mephitic Cloud        Conj/Pois/Air  ###.....     2%          3    ##.....

Your spell library contained the following spells:

 Spells                   Type           Power        Failure   Level  Hunger


Dungeon Overview and Level Annotations

Branches:
Dungeon (10/15)            Temple (1/1) D:4
   Lair: D:8-11         Orc: D:9-12

Altars:
Ashenzari
Cheibriados
Dithmenos
Elyvilon
Gozag
Hepliaklqana
Kikubaaqudgha
Makhleb
Nemelex Xobeh
Okawaru
Qazlal
Ru
Sif Muna
Uskayaw
Vehumet
Wu Jian
Xom
Yredelemnul
Zin
The Shining One

Shops:
D:4 }

Annotations:
D:3 2 transporters


Innate Abilities, Weirdness & Mutations

You have a beak for a mouth.
You have claws for feet.
You can fly continuously.
You have a pair of small antennae on your head.
Your body sometimes deteriorates upon taking damage.
Your magical capacity is low. (-10% MP)


Message History

Press: ? - help, Shift-Dir - straight line, f - gargoyle
Aim: a gargoyle, wielding a +0 flail (severely damaged)
The sting hits the gargoyle but does no damage.
The gargoyle is severely damaged.
The gargoyle hurls a stone arrow at you.
The stone arrow hits you!!
* * * LOW HITPOINT WARNING * * *
You feel much better.
The gargoyle hurls a stone arrow at you.
The stone arrow misses you.
You hit the gargoyle but do no damage.
The gargoyle is severely damaged.
The gargoyle hits you with a +0 flail!!
* * * LOW HITPOINT WARNING * * *
Your body deteriorates!
You feel weakened.
As you read the scroll of teleportation, it crumbles to dust.
You feel strangely unstable.
The gargoyle hurls a stone arrow at you.
The stone arrow hits you!
You die...

#............#######
#.######.###.# #.#
#.# #.# #.# ###.#
#.# #.# #...# #.#
#.####.### #.#
#.##.....# #.####
#.##.###.###..>.#
#....# #..@.....#
####.###.####9.$#
#.....#...........
###.###...9.......
#.# #........... #.#
#.##..?.##.# ... #.
#....# # #.# #
#....# ... ####..


You could see a gargoyle.

Vanquished Creatures
  A hydra (D:9)
  Pikel (D:7)
  A queen bee (D:9)
  A troll (D:9)
  2 dream sheep (D:9)
  3 hippogriffs
  2 yaks (D:9)
  A steam dragon (D:8)
  An insubstantial wisp (D:8)
  A water moccasin (D:8)
  3 ice beasts
  4 sky beasts (D:8)
  2 orc warriors (D:8)
  2 ogres
  3 centaurs
  An eye of draining (D:8)
  3 big kobolds (D:9)
  2 bullfrogs (D:8)
  2 scorpions
  25 killer bees (D:9)
  5 howler monkeys
  A bullfrog zombie (D:5)
  4 crimson imps
  2 bullfrog skeletons
  2 jellies
  2 centaur skeletons
  3 orc priests
  4 hounds
  7 orc wizards
  An iguana (D:8)
  13 worker ants
  A hound skeleton (D:8)
  8 adders
  4 gnolls (D:3)
  A howler monkey skeleton (D:6)
  3 shadow imps
  2 oozes (D:3)
  An adder skeleton (D:6)
  4 worms
  A dart slug (D:1)
  5 leopard geckos
  13 orcs
  9 bats
  6 giant cockroaches
  5 hobgoblins
  10 jackals
  7 kobolds
  2 quokkas
  A ball python (D:1)
  A ball python zombie (D:5)
  6 frilled lizards
  A giant cockroach zombie (D:5)
  8 goblins
  A quokka skeleton (D:5)
  2 quokka zombies (D:5)
  8 rats
215 creatures vanquished.

Vanquished Creatures (others)
  3 slaves
  A wight (D:7)
  A worker ant zombie (D:7)
  An adder skeleton (D:7)
6 creatures vanquished.

Grand Total: 221 creatures vanquished

Notes
Turn   | Place    | Note
-------+----------+-------------------------------------------
     0 | D:1      | Lugonue the Tengu Venom Mage began the quest for the Orb.
     0 | D:1      | Reached XP level 1. HP: 10/10 MP: 4/4
   257 | D:1      | Reached XP level 2. HP: 14/15 MP: 3/6
   296 | D:1      | Reached skill level 1 in Transmutations
   546 | D:1      | Reached XP level 3. HP: 12/19 MP: 7/7
   915 | D:2      | Found a glowing golden altar of the Shining One.
   963 | D:1      | Learned a level 2 spell: Poisonous Vapours
  1169 | D:2      | Reached XP level 4. HP: 19/24 MP: 5/8
  1260 | D:2      | Found an opulent altar of Gozag.
  1594 | D:3      | Gained mutation: You can fly continuously. [Tengu growth]
  1594 | D:3      | Reached XP level 5. HP: 22/28 MP: 1/9
  1971 | D:4      | Reached skill level 1 in Short Blades
  1971 | D:4      | Reached skill level 1 in Air Magic
  2155 | D:4      | Found a hazy altar of Hepliaklqana.
  2286 | D:4      | Found Lelap's Gadget Emporium.
  2351 | D:4      | Reached XP level 6. HP: 33/33 MP: 8/11
  2643 | D:4      | Found a staircase to the Ecumenical Temple.
  2922 | Temple   | Entered the Ecumenical Temple
  2979 | Temple   | Became a worshipper of Warmaster Okawaru
  3174 | D:3      | Found a glowing silver altar of Zin.
  3177 | D:3      | Reached skill level 1 in Fighting
  3295 | D:3      | Found a basalt altar of Yredelemnul.
  3297 | D:3      | Noticed a hungry ghost
  3301 | D:3      | Found a transporter.
  3313 | D:3      | Found a transporter.
  3737 | D:5      | Entered Level 5 of the Dungeon
  3743 | D:5      | Reached skill level 4 in Poison Magic
  4043 | D:5      | Found a sand-covered staircase.
  4077 | D:5      | Reached XP level 7. HP: 18/38 MP: 9/13
  4335 | D:5      | Learned a level 3 spell: Ignite Poison
  4342 | D:5      | Reached * piety under Okawaru
  5094 | D:5      | Reached XP level 8. HP: 44/44 MP: 13/15
  5196 | D:6      | Reached skill level 1 in Armour
  5208 | D:6      | HP: 2/45 [ice beast (10)]
  5515 | D:7      | Noticed Pikel
  5520 | D:7      | Gained mutation: Your magical capacity is low. (-10% MP)
                  | [potion of mutation]
  5520 | D:7      | Gained mutation: Your body sometimes deteriorates upon
                  | taking damage. [potion of mutation]
  5520 | D:7      | Gained mutation: You have a pair of small antennae on your
                  | head. [potion of mutation]
  5526 | D:7      | Killed Pikel
  5526 | D:7      | Reached ** piety under Okawaru
  5526 | D:7      | Reached skill level 1 in Fire Magic
  5526 | D:7      | Reached skill level 5 in Poison Magic
  5554 | D:7      | HP: 1/46 [centaur skeleton (3)]
  5754 | D:7      | Noticed a hippogriff
  5761 | D:7      | Killed a hippogriff
  5761 | D:7      | Reached XP level 9. HP: 36/52 MP: 15/15
  5815 | D:8      | Reached *** piety under Okawaru
  6244 | D:8      | Found a hide-covered altar of Uskayaw.
  6561 | D:8      | Reached skill level 5 in Spellcasting
  6884 | D:8      | Reached skill level 1 in Long Blades
  6903 | D:8      | Found a shimmering altar of Xom.
  6930 | D:8      | Found a stormy altar of Qazlal.
  7062 | D:8      | Reached **** piety under Okawaru
  7086 | D:8      | Learned a level 4 spell: Olgreb's Toxic Radiance
  7155 | D:8      | Got a smoking robe
  7163 | D:8      | Identified the +2 robe of Jios {rN+} (You found it on level
                  | 8 of the Dungeon)
  7173 | D:8      | Learned a level 3 spell: Mephitic Cloud
  7359 | D:8      | Reached skill level 5 in Air Magic
  7416 | D:8      | Found a sacrificial altar of Ru.
  7481 | D:8      | Reached skill level 5 in Fighting
  7537 | D:8      | Reached XP level 10. HP: 36/59 MP: 8/17
  7673 | D:8      | Reached skill level 5 in Dodging
  7861 | D:9      | Found a burning altar of Makhleb.
  7861 | D:9      | Noticed a cacodemon
  7994 | D:9      | Found a radiant altar of Vehumet.
  8079 | D:9      | Reached skill level 6 in Poison Magic
  8129 | D:9      | Reached ***** piety under Okawaru
  8139 | D:9      | Received a gift from Okawaru
  8149 | D:9      | Reached skill level 5 in Long Blades
  8354 | D:9      | Noticed a three-headed hydra
  8362 | D:9      | Killed a three-headed hydra
  8694 | D:9      | Reached XP level 11. HP: 54/64 MP: 5/19
  8700 | D:9      | Found a white marble altar of Elyvilon.
  8702 | D:9      | Reached skill level 7 in Poison Magic
  9284 | D:10     | Entered Level 10 of the Dungeon
  9334 | D:10     | HP: 3/64 [gargoyle/+0 flail (24)]
  9338 | D:10     | Killed from afar by a gargoyle

Levels and vault maps discovered:
D:1:      dpeg_arrival_long_road, layout_rooms
D:2:      layout_rooms, nicolae_overflow_crystal_walls, tso_oasis_becter,
          first_ration
D:3:      layout_rooms, gammafunk_temple_overflow_arena, lemuel_crystal_altar
D:4:      layout_layer_cave, old_standard_altar, lemuel_temple_firewalk_b,
          serial_shops, shop
D:5:      layout_loops_ring, tgw_trog, enter_ossuary_4
D:6:      lemuel_upstairs_altar, layout_layer_cave, lemuel_round_altar,
          ebering_ghost_sewer_f, fedhas_altar_decomposition
D:7:      black_bear_nest_2, layout_cave_pools, uniq_maggie, uniq_pikel
D:8:      layout_cave_pods, xom_teletrap_fun, eat_drink_and_be_merry_uskayaw,
          kennysheep_little_box, basic_altar, hangedman_misty_isle
D:9:      layout_roguey [special_room_bee], elyvilon_altar_3,
          vehumet_altar_wand_db, makhleb_altar_promises_db, hangedman_ranch
          [blue_anna_fruit_fields]
D:10:     layout_loops_ring, dpeg_oklobed_lair, orc_0_dummy,
          yredelemnul_altar_generic
Temple:   jpeg_temple_island

Skill      XL: |  1  2  3  4  5  6  7  8  9 10 11 |
---------------+----------------------------------+-----
Transmutations | 1 2 3 |  3.4
Dodging        | 3 4 5 |  5.3
Short Blades   | 1 3 4 |  4.4
Air Magic      | 1 2 5 |  5.8
Spellcasting   | 3 4 5 6 |  6.5
Stealth        | 3 4 |  4.0
Fighting       | 1 2 3 5 6 |  6.2
Poison Magic   | 4 5 6 7 |  7.1
Armour         | 3 4 |  4.8
Fire Magic     | 1 2 |  2.1
Long Blades    | 2 6 |  6.8
Throwing       | |  0.6
Unarmed Combat | |  0.1
Evocations     | |  0.4

Action                   |  1- 3 |  4- 6 |  7- 9 | 10-12 || total
-------------------------+-------+-------+-------+-------++-------
Melee: Unarmed           |     5 |       |       |       ||     5
       Dagger            |    55 |       |       |       ||    55
       Peck              |     6 |    23 |    34 |    18 ||    81
       Kick              |     9 |    23 |    60 |    34 ||   126
       Short sword       |    16 |   150 |   144 |       ||   310
       Scimitar          |       |       |    28 |    81 ||   109
       Long sword        |       |       |    14 |       ||    14
Throw: Dart              |       |       |     2 |       ||     2
 Cast: Sting             |    26 |    26 |    29 |     6 ||    87
       Poisonous Vapours |     2 |    18 |    40 |     9 ||    69
       Ignite Poison     |       |       |    14 |    10 ||    24
       Olgreb's Toxic Ra |       |       |     2 |     6 ||     8
       Mephitic Cloud    |       |       |       |     1 ||     1
Evoke: Wand              |       |       |     4 |       ||     4
  Use: Scroll            |     2 |     4 |     7 |     3 ||    16
       Potion            |       |     2 |     9 |     2 ||    13
 Stab: Sleeping          |     1 |     3 |     1 |     7 ||    12
       Paralysed         |       |       |     4 |       ||     4
  Eat: Chunk             |     1 |     4 |    13 |     4 ||    22
       Ration            |       |     2 |       |     1 ||     3
Armor: Robe              |    22 |    25 |     2 |       ||    49
       Skin              |       |    16 |    17 |       ||    33
       Scale mail        |       |       |    45 |       ||    45
       Steam dragon scal |       |       |     4 |    15 ||    19
Dodge: Dodged            |    80 |   128 |   131 |    62 ||   401
       Rpst.: Scimitar   |       |       |     6 |    12 ||    18
       Long sword        |       |       |     1 |       ||     1

Table legend:
 A = Non-vault XP
 B = Vault XP
 C = Vault XP percentage of total XP
 D = Non-vault monster count
 E = Vault monster count
 F = Vault count percentage of total count
                 A         B        C        D         E       F
            +---------+---------+-------+---------+---------+-------
      Total |    5271 |    5423 |  50.7 |     172 |      43 |  20.0
            +---------+---------+-------+---------+---------+-------
        D:1 |      50 |       0 |   0.0 |      30 |       0 |   0.0
        D:2 |      62 |       0 |   0.0 |      13 |       0 |   0.0
        D:3 |     136 |       0 |   0.0 |      26 |       0 |   0.0
        D:4 |     192 |       0 |   0.0 |      12 |       0 |   0.0
        D:5 |     767 |       2 |   0.3 |      27 |       2 |   6.9
        D:6 |     257 |       0 |   0.0 |       8 |       0 |   0.0
        D:7 |     431 |     641 |  59.8 |       7 |       1 |  12.5
        D:8 |    1657 |     740 |  30.9 |      26 |       5 |  16.1
        D:9 |    1416 |    4040 |  74.0 |      21 |      35 |  62.5
       D:10 |     303 |       0 |   0.0 |       2 |       0 |   0.0
            +---------+---------+-------+---------+---------+-------
